 Dungeon Crawl Stone Soup version 0.28.0 (webtiles) character file.

Game seed: 6680805697921935017

137 AmazingTV the Shield-Bearer (level 5, -13/47 HPs)
             Began as a Minotaur Fighter on July 1, 2022.
             Killed by divine providence
             ... invoked by an orc priest
              (15 damage)
             ... on level 4 of the Dungeon.
             The game lasted 00:05:40 (2697 turns).

AmazingTV the Shield-Bearer (Minotaur Fighter)      Turns: 2697, Time: 00:05:41

Health: -13/47     AC:  8    Str: 22    XL:     5   Next: 0%
Magic:  13/13      EV:  9    Int:  5    God:
Gold:   91         SH:  4    Dex: 10    Spells: 4/4 levels left

rFire   . . .      SeeInvis .   a - +5 whip "Ororureoq" {vamp, rC+ rN+ Will+ MP+9, mace}
rCold   + . .      Faith    .   c - +0 buckler
rNeg    + . .      Spirit   .   r - +0 scale mail
rPois   .          Reflect  .   (helmet restricted)
rElec   .          Harm     .   v - +0 cloak
rCorr   .          Rampage  .   (no gloves)
Will    +....                   (no boots)
Stlth   ..........              (no amulet)
HPRegen 0.15/turn               (no ring)
MPRegen 0.13/turn               (no ring)

@: no status effects
A: horns 2, retaliatory headbutt
a: no special abilities


You were on level 4 of the Dungeon.
You visited 1 branch of the dungeon, and saw 4 of its levels.

You collected 141 gold pieces.
You spent 50 gold pieces at shops.


Innate Abilities, Weirdness & Mutations

You have a pair of horns on your head.
You reflexively headbutt those who attack you in melee.


   Skills:
 + Level 4.4 Fighting
 + Level 2.2(3.2) Axes
 + Level 3.5(3.9) Maces & Flails
 + Level 0.4 Slings
 + Level 4.4 Armour
 + Level 4.4 Shields


You had 4 spell levels left.
You didn't know any spells.
Your spell library contained the following spells:

 Spells                   Type           Power      Damage    Failure   Level
 Sublimation of Blood     Necr           0%         N/A       95%         2
 Wereblood                Tmut           0%         N/A       95%         2
 Gell's Gravitas          Tloc           0%         N/A       99%         3
 Lesser Beckoning         Tloc           0%         N/A       99%         3
 Teleport Other           Tloc           0%         N/A       99%         3
 Summon Hydra             Summ           0%         N/A       100%        7

Inventory:

Hand Weapons
 a - the +5 whip "Ororureoq" (weapon) {vamp, rC+ rN+ Will+ MP+9, mace}
   (You found it on level 3 of the Dungeon)

   It occasionally heals its wielder for a portion of the damage dealt when it
   wounds a living foe.
   rC:        It protects you from cold.
   rN:        It protects you from negative energy.
   MP:        It affects your magic capacity (+9).
   Will:      It increases your willpower.
 b - a +1 hunting sling of flaming {sling}
   (You found it on level 3 of the Dungeon)
 s - a +0 flail {mace}
 t - a +3 hand axe of flaming {axe}
   (You took it off an orc on level 3 of the Dungeon)
Missiles
 g - 57 stones (quivered)
 h - 16 bolts
 i - 10 sling bullets
 j - 5 curare-tipped darts {=f}
 k - 7 boomerangs
 o - 22 arrows
Armour
 c - a +0 buckler (worn)
 r - a +0 scale mail (worn)
 v - a +0 cloak (worn)
   (You took it off Crazy Yiuf on level 3 of the Dungeon)
Magical Staves
 u - a staff of cold {!astaff}
   (You found it on level 3 of the Dungeon)
 w - a staff of death {!astaff}
   (You found it on level 3 of the Dungeon)
Jewellery
 f - a ring of protection from cold
   (You found it on level 1 of the Dungeon)
Scrolls
 e - 2 scrolls of identify {@r1}
 m - a scroll of holy word {unknown}
 n - a scroll of fog {unknown}
 p - a scroll of teleportation {unknown}
Potions
 d - a potion of might
 l - a potion of curing {@q1}
 q - a potion of berserk rage {unknown}

Dungeon Overview and Level Annotations

Branches:
Dungeon (4/15)
 Temple: D:4-7

Altars:

Shops:
D:1 (!*?*

Portals:
Sewer: D:4

Annotations:
D:4 Dowan, Duvessa

#...##.#.......
#.<.##e#.......
#...##o........
#...###KK..$...
#..e# #....####
#.n)# #o{..#
#.Jw# #....#
#...# #....#
#...# #@...#
#.....# ......#
#####..#
.#SSB#..#
..#BB≈#..#
...#≈∩≈#..#
....#≈≈≈#..#


You could see Duvessa, an orc priest, 2 adders, an orc, 3 giant cockroaches and
2 kobolds.


Message History

You kill the endoplasm!
You now have 91 gold pieces (gained 10).
Found a stone staircase leading up.
A frilled lizard comes into view.
The frilled lizard hisses angrily.
You barely miss the frilled lizard. The frilled lizard misses you.
You closely miss the frilled lizard. You headbutt the frilled lizard.
You kill the frilled lizard!
You have reached level 5! 😎 HP[+6] MP[+1]
You now have 47 max hp (+6).
Your hp is fully restored (47).
Your mp is fully restored (13).
You see here a +0 robe.
w - a staff of death {!astaff}
There is a stone staircase leading down here.
You see here a +0 whip {mace}.
You see here a +0 flail {mace}.
You see here a +0 spear {polearm}.
Done exploring.
Done exploring.
There is a stone staircase leading down here.
You climb downwards.
You hear the sound of rushing water.
There is an entrance to a sewer on this level.
Hurry and find it before the portal rusts away!
Duvessa shouts!
The orc shouts!
The orc priest shouts!
You hear a shout!
There is a stone staircase leading up here.
The orc priest casts a cantrip, but nothing happens.
The orc wizard closely misses you.
A kobold comes into view.
The orc priest invokes the aid of Beogh against you.
Beogh smites you!
You hear a shout! 😕 HP[-10]
You take 10 damage, and now have 37/47 hp.
MASSIVE DAMAGE!! (PAUSE)
You hit the orc wizard but do no damage.
The kobold wields a +0 hand crossbow.
The kobold shoots a bolt.
The bolt hits you. The orc wizard closely misses you.
The orc hits you with a +0 dagger. 😮 HP[-3]
You take 3 damage, and now have 34/47 hp.
You barely miss the orc wizard.
The orc wizard mumbles some strange words.
The orc wizard flickers and vanishes!
Deactivating autopickup; reactivate with Ctrl-A.
Dowan, Brother of Duvessa comes into view.
He is wielding a +0 dagger and wearing a +2 robe of fire resistance.
Dowan shouts!
You hit something.
You feel better.
You hear an angry hiss.
The orc hits you with a +0 dagger.
The kobold shoots a bolt.
The bolt closely misses you.
A kobold comes into view. It is wielding a +0 whip.
Something hits you but does no damage. 😕 HP[+4]
You regained 4 hp, and now have 38/47 hp.
You completely miss something. Your headbutt misses something.
The orc hits you but does no damage.
The kobold shoots a bolt.
The bolt misses you.
A necrophage comes into view.
The orc priest hits you but does no damage.
Something hits you. 😕 HP[-2]
You take 2 damage, and now have 36/47 hp.
You barely miss something. The orc hits you but does no damage.
The kobold shoots a bolt.
You block the bolt.
A jelly comes into view.
The orc priest hits you but does no damage.
A worm comes into view.
Something hits you. 😮 HP[-3]
You take 3 damage, and now have 33/47 hp.
The orc barely misses you.
The kobold shoots a bolt.
The bolt hits you.
The orc priest looks braver for a moment. 😮 HP[-2]
You take 2 damage, and now have 31/47 hp.
The orc priest looks satisfied for a moment.
The orc priest calls down the wrath of Beogh upon you.
Beogh smites you!
* * * LOW HITPOINT WARNING * * *
😨 HP[-12]
You take 12 damage, and now have 19/47 hp.
MASSIVE DAMAGE!! (PAUSE)
The kobold unwields a +0 hand crossbow.
The kobold hits you but does no damage. 😨 HP[+1]
The kobold wields a +0 hand crossbow.
The kobold shoots a bolt.
The bolt hits you but does no damage. The orc hits you but does no damage.
The adder hisses angrily. x2; You hear an angry hiss.
The orc priest invokes the aid of Beogh against you.
Beogh smites you!
* * * LOW HITPOINT WARNING * * *
😱 HP[-15]
You take 15 damage, and now have 5/47 hp.
MASSIVE DAMAGE!! (PAUSE)
Found a glowing drain.
The kobold shoots a bolt.
The bolt hits you.
* * * LOW HITPOINT WARNING * * *
😱 HP[-3]
You take 3 damage, and now have 2/47 hp.
The orc priest calls down the wrath of Beogh upon you.
Beogh smites you!
You die...

Skill      XL: |  1  2  3  4 |
---------------+-------------+-----
Axes           | 1 2 |  2.2
Fighting       | 4 |  4.4
Armour         | 4 |  4.4
Shields        | 4 |  4.4
Maces & Flails | 3 |  3.5
Slings         | |  0.4

Action                   |  1- 3 |  4- 6 || total
-------------------------+-------+-------++-------
Melee: Flail             |    77 |    12 ||    89
       Headbutt          |     7 |     3 ||    10
       Whip              |       |    22 ||    22
Armor: Scale mail        |    38 |    17 ||    55
Dodge: Dodged            |    48 |    19 ||    67
Block: Buckler           |    15 |     5 ||    20

Levels and vault maps discovered:
D:1:      lemuel_arrival_broad_hall, layout_loops_corners, serial_shops, shop,
          shop, shop_statue, shop, nicolae_shop_overgrown_old_shop
D:2:      layout_basic, nicolae_ecumenical_lake_church, chequers_garden
D:3:      layout_loops_cross, uniq_crazy_yiuf_cottage
D:4:      layout_basic, gup_sewer_entry_glass, minmay_bisected, uniq_duvessa

Notes
Turn   | Place    | Note
-------+----------+-------------------------------------------
     0 | D:1      | AmazingTV the Minotaur Fighter began the quest for the Orb.
     0 | D:1      | Reached XP level 1. HP: 19/19 MP: 0/0
     0 | D:1      | magus.rc [v1.9.6]
   282 | D:1      | Reached XP level 2. HP: 14/27 MP: 1/1
   576 | D:1      | Found Queba's General Store.
   580 | D:1      | Bought a scroll of identify for 20 gold pieces
   660 | D:1      | Reached skill level 1 in Axes
   726 | D:1      | Found Keimmeryk's Assorted Antiques.
   894 | D:1      | Found Erenug's Antique Weapon Boutique.
   978 | D:1      | Found Dacsuopsoa's Distillery.
   982 | D:1      | Bought a potion of curing for 30 gold pieces
  1022 | D:1      | Found Usytus's Magic Scroll Shop.
  1199 | D:2      | Reached skill level 4 in Fighting
  1199 | D:2      | Reached skill level 4 in Armour
  1199 | D:2      | Reached skill level 4 in Shields
  1199 | D:2      | Reached XP level 3. HP: 33/33 MP: 2/2
  1212 | D:2      | Found a faded altar of an unknown god.
  1237 | D:2      | Reached skill level 3 in Maces & Flails
  1848 | D:3      | Reached XP level 4. HP: 31/40 MP: 3/3
  1957 | D:3      | You pick up a book of Blood and begin reading...
  1957 | D:3      | You add the spells Sublimation of Blood, Wereblood and
                  | Summon Hydra to your library.
  1985 | D:3      | Reached skill level 2 in Axes
  2064 | D:3      | You pick up a book of Displacement and begin reading...
  2064 | D:3      | You add the spells Lesser Beckoning, Gell's Gravitas and
                  | Teleport Other to your library.
  2146 | D:3      | Identified the +5 whip "Ororureoq" {vamp, rC+ rN+ Will+
                  | MP+9}
  2288 | D:3      | Found a runed translucent door.
  2289 | D:3      | Noticed Crazy Yiuf
  2363 | D:3      | Killed Crazy Yiuf
  2528 | D:3      | Reached XP level 5. HP: 47/47 MP: 4/4
  2680 | D:4      | Noticed Duvessa
  2684 | D:4      | Noticed Dowan
  2686 | D:4      | Noticed a necrophage
  2695 | D:4      | HP: 5/47 [orc priest/divine providence (15)]
  2696 | D:4      | Found a glowing drain.
  2696 | D:4      | HP: 2/47 [kobold/bolt (3)]
  2697 | D:4      | Killed from afar by an orc priest

Vanquished Creatures
  Crazy Yiuf (D:3)
  3 gnolls (D:3)
  2 adders
  2 dart slugs
  5 orcs (D:3)
  5 endoplasms
  A giant cockroach (D:1)
  3 goblins
  6 hobgoblins
  3 jackals (D:1)
  3 kobolds
  2 quokkas
  5 ball pythons
  4 bats
  3 frilled lizards
  4 rats
52 creatures vanquished.

Table legend:
 A = Non-vault XP
 B = Vault XP
 C = Vault XP percentage of total XP
 D = Non-vault monster count
 E = Vault monster count
 F = Vault count percentage of total count
                 A         B        C        D         E       F
            +---------+---------+-------+---------+---------+-------
      Total |     157 |      39 |  19.9 |      51 |       1 |   1.9
            +---------+---------+-------+---------+---------+-------
        D:1 |      35 |       0 |   0.0 |      19 |       0 |   0.0
        D:2 |      34 |       0 |   0.0 |      13 |       0 |   0.0
        D:3 |      88 |      39 |  30.7 |      19 |       1 |   5.0
            +---------+---------+-------+---------+---------+-------

Illustrated notes

Table legend:
 A = Kills in this place as a percentage of kills in entire the game.
 B = Kills by you in this place as a percentage of kills by you in the entire game.
 C = Kills by friends in this place as a percentage of kills by friends in the entire game.
 D = Other kills in this place as a percentage of other kills in the entire game.
 E = Experience gained in this place as a percentage of experience gained in the entire game.
 F = Experience gained in this place divided by the number of levels of this place that you have seen.
                   A       B       C       D       E      F
               +-------+-------+-------+-------+-------+----------------------
         Total | 100.0 | 100.0 |   N/A |   N/A | 100.0 |  49.0
       Dungeon | 100.0 | 100.0 |   N/A |   N/A | 100.0 |  49.0
               +-------+-------+-------+-------+-------+----------------------

Table legend: (Time is in decaauts)
 A = Elapsed time spent in this place.
 B = Non-inter-level travel time spent in this place.
 C = Inter-level travel time spent in this place.
 D = Time resting spent in this place.
 E = Time spent auto-exploring this place.
 F = Levels seen in this place.
 G = Mean time per level.
                   A        B        C        D        E       F      G
               +--------+--------+--------+--------+--------+-----+--------+
         Total |   2721 |   2629 |     92 |    330 |   1968 |   4 |  680.2 |
       Dungeon |   2721 |   2629 |     92 |    330 |   1968 |   4 |  680.2 |
               +--------+--------+--------+--------+--------+-----+--------+

Top non-repeatable levels by time:
     D:1: 1200 daAuts
     D:3: 879 daAuts
     D:2: 624 daAuts
     D:4: 16 daAuts
